Roger, neutral male human Priest ------ |....| --------- |....-# ........| ----- ##....%|# ##|.......| |...-# ----------- # |....|# ###........| |...| |.........(###### |....|######--+---+-- @#....| |.........| ------## ## h |..<-###*##..........-#############`# ## |...| |.....----- # # |...| |.....| # ## --.-- ------- # ## # ## #### ## #------## #|.....## #-....| # |....|## |....| ------ Roger the Acolyte Experience level: 4 Strength: 15 Dexterity: 12 Constitution: 9 Intelligence: 18 Wisdom: 11 Charisma: 10 Health: 0(38) Energy: 32(32) Def: 3 Gold: 250 Moves: 1235 Dungeon seed: JzECT931UzbzvZSA Game ID: Roger_1496818022 Your Inventory: Coins $ - 250 gold pieces Weapons a - a blessed +2 mace (weapon in hand) Armor e - an uncursed +0 robe (being worn) n - an uncursed +0 small shield (being worn) Comestibles c - an uncursed clove of garlic d - 2 uncursed sprigs of wolfsbane m - 2 uncursed food rations Scrolls k - an uncursed scroll of light p - an uncursed scroll of scare monster A - an uncursed scroll of fire Spellbooks g - an uncursed spellbook of detect food h - an uncursed spellbook of detect unseen i - an uncursed spellbook of light w - an uncursed spellbook of magic mapping Potions b - 4 potions of holy water t - 2 uncursed potions of hallucination Wands f - an uncursed wand of cancellation (0:1) v - an uncursed wand of enlightenment (0:14) Tools o - an uncursed expensive camera (0:99) Spells and supernatural/magical abilities: Name Level Category Fail Memory l - light 1 divination 0% 94% E - detect food 2 divination 32% 94% U - detect unseen 3 divination 74% 94% W - pray for help -- divine ? -- X - turn undead -- divine ? -- Your skills at the end: Miscellaneous Skills shield [Basic] wands [Basic] Weapon Skills mace [Basic] Spellcasting Skills clerical spells [Basic] Final Attributes: You were devoutly aligned. You were hallucinating. You were stealthy. You are dead. Vanquished creatures: a large dog a dog a kitten a jitterbug 2 killer bees 2 geckos a yellow mold a gnome 6 jackals a kobold zombie and a partridge in a pear tree 17 creatures vanquished. Voluntary challenges: You followed a strict vegan diet. You did not adorn yourself with jewelry or accessories. You did not cause conflict. You were not invisible. You did not have reflection. You were not displaced. You were an atheist. You used a wielded weapon 34 times, starting on turn 360. You did not use tools. You did not use plumbed fixtures. You read items or engraved 4 times, starting on turn 384. You never genocided any monsters. You never polymorphed an object. You never changed form. You used no wishes. You never split a pudding. You never wrote Elbereth's name. You never violated your personal moral code. Dungeon overview: The Dungeons of Doom: levels 1 to 8 Level 1 a fountain a long staircase Level 2 Level 3 some fountains Level 4 a fountain Level 5 many fountains Level 6 a fountain Level 7 Level 8 <- You were here History has recorded: On T:1 you entered the Dungeons of Doom to retrieve the Amulet of Yendor! On T:16 you reached level 2 of The Dungeons of Doom. On T:43 you reached level 3 of The Dungeons of Doom. On T:283 you reached level 4 of The Dungeons of Doom. On T:340 you reached level 5 of The Dungeons of Doom. On T:412 you advanced to experience level 2. On T:504 you reached level 6 of The Dungeons of Doom. On T:662 you reached level 7 of The Dungeons of Doom. On T:714 you reached level 8 of The Dungeons of Doom. On T:811 you advanced to experience level 3. On T:1113 you advanced to experience level 4. Score breakdown: Gold: 250 ( 25 points) Experience: 4 levels ( 300 points) Exploration: 8 levels ( 210 points) Discoveries: 9 items ( 450 points) Variety of kills: 10 monsters ( 500 points) Major goal: (nothing yet) ( 0 points) Survival: died (score multiplied by 3) Total score: 4455 Latest messages: Oh wow! Everything feels so cosmic! You feel better. Far out! A light show! You attack thin air. There is an open door here. You see here an uncursed dog corpse. There is an open door here. You see here an uncursed dog corpse. You kill the dwarf! You see here an uncursed large dog corpse. You clock the dornbeast. The snake bites! You incarcerate the leprechaun! You clock the red mold! The giant spider bites! You see here an uncursed large dog corpse. The ghoul bites! You brutalize the dog! The killer bee bites! You die... Final status: Goodbye Roger the Priest, killed by a hallucinogen-distorted giant beetle... You died in The Dungeons of Doom on dungeon level 8 with 4455 points, and 250 pieces of gold, after 1235 moves. You were level 4 with a maximum of 38 hit points when you died.